AoeStats
← 8

Arena

509815336Analyzed
4v4 RM · 5d ago on Sep 28, 2026· 23m 12s· 8 players
Game mode
Random Map
Map size
Large (8 player)
Population
200
Speed
Normal
Resources
Standard
Victory
Conquest
Starting age
Dark Age
Ending age
Imperial Age
RankedLock teamsTeams togetherTeam positionsShared explorationLock speedFull tech treeHidden civsTurbo modeCheats
Victory
Defeat
🇺🇸 Khmer · United States
1213
+10
🇵🇪 Inca · Peru
1177
+12
🇺🇸 Dravidians · United States
1160
+12
🇲🇽 Portuguese · Mexico
1068
+16
🇦🇷 Koreans · Argentina
1123
-14
🇹🇼 Goths · Taiwan
1112
-14
🇺🇸 Romans · United States
1075
-12
🇹🇼 Byzantines · Taiwan
1017
-10
新手777
4:17 Loom
11:50 Feudal Age
12:28 Double-Bit Axe
16:04 Castle Age
15:38 Fletching
15:34 Town Watch
18:45 Wheelbarrow
Kilo Kaun
11:41 Feudal Age
9:56 Loom
10:19 Loom
15:53 Castle Age
16:49 Man-at-Arms
17:29 Squires
18:17 Fletching
18:31 Scale Mail Armor
18:42 Forging
18:27 Double-Bit Axe
18:25 Horse Collar
19:14 Long Swordsman
bryant200120
10:36 Feudal Age
15:12 Castle Age
13:45 Double-Bit Axe
17:50 Horse Collar
18:47 Heavy Plow
TURTLE KING
11:27 Feudal Age
16:18 Castle Age
16:34 Double-Bit Axe
16:32 Horse Collar
18:10 Bow Saw
18:39 Wheelbarrow
18:22 Heavy Plow
dl ReAPeR lRz
11:32 Feudal Age
14:19 Loom
17:08 Castle Age
17:19 Double-Bit Axe
18:11 Wheelbarrow
18:44 Bow Saw
18:41 Horse Collar
22:06 Fervor
Alejomc26
11:01 Feudal Age
11:24 Champi Runner
14:32 Castle Age
12:29 Double-Bit Axe
12:41 Champi Runner
13:55 Horse Collar
14:38 Champi Warrior
18:53 Scale Mail Armor
20:54 Heavy Plow
21:29 Bow Saw
23:09 Wheelbarrow
24:03 Hand Cart
Ra
10:08 Feudal Age
13:13 Castle Age
11:20 Double-Bit Axe
12:10 Horse Collar
13:10 Gold Mining
17:06 Bloodlines
17:44 Loom
18:45 Scale Barding Armor
20:37 Husbandry
8
10:13 Feudal Age
14:55 Castle Age
13:37 Double-Bit Axe
15:47 Fletching
16:58 Crossbowman
19:01 Bodkin Arrow
20:41 Gold Mining
Connection lost

Rejoining the realm…

Still unreachable

The connection could not be restored.

Session expired

The server has moved on; the page needs a fresh start.